 Dungeon Crawl Stone Soup version 0.32-a0-460-gc8eefc90e7 (webtiles) character file.

Game seed: 17693470118003151287

9195 Morbidden the Skirmisher (level 11, -12/86 HPs)
             Began as a Formicid Hunter on Feb 24, 2024.
             Was a High Priest of Cheibriados.
             Mangled by a Hell Sentinel (21 damage)
             ... on level 2 of the Abyss.
             The game lasted 00:10:31 (8643 turns).

Morbidden the Skirmisher (Formicid Hunter)          Turns: 8643, Time: 00:10:32

Health: -12/86     AC: 17    Str: 28    XL:     11   Next: 69%
Magic:  15/15      EV: 13    Int: 19    God:    Cheibriados [*****.]
Gold:   527        SH:  0    Dex: 32    Spells: 10/10 levels left

rFire   . . .        b - +0 long sword (venom)
rCold   . . .        (no shield)
rNeg    + . .        e - +1 plate armour
rPois   .            (helmet unavailable)
rElec   .            l - +0 cloak
rCorr   .            p - +0 pair of gloves
SInv    +            (no boots)
Will    +....        t - amulet of regeneration Stlth
                     B - ring of positive energy
HPRegen 1.14/turn    (no ring)
MPRegen 0.14/turn

%: no passive effects
@: very slow
A: permanent stasis, dig shafts and tunnels, antennae 3, four strong arms
a: Dig, Shaft Self, Renounce Religion, Bend Time, Temporal Distortion, Slouch,
Step From Time


You were on level 2 of the Abyss.
You worshipped Cheibriados.
Cheibriados was extremely pleased with you.
You visited 2 branches of the dungeon, and saw 11 of its levels.
You visited the Abyss 1 time.
You also visited: Ossuary.

You collected 709 gold pieces.
You spent 182 gold pieces at shops.

Inventory:

Hand Weapons
 a - a +1 heavy shortbow
 b - a +0 long sword of venom (weapon)
Armour
 e - a +1 plate armour (worn)
 l - a +0 cloak (worn)
 p - a +0 pair of gloves (worn)
Jewellery
 t - an amulet of regeneration (around neck)
 B - a ring of positive energy (left hand)
 D - a ring of protection from fire
 E - a ring of flight
Wands
 v - a wand of digging (3)
 F - a wand of polymorph (4)
Scrolls
 d - a scroll of brand weapon
 i - 2 scrolls of butterflies
 m - a scroll of poison
 q - a scroll of immolation
 s - 3 scrolls of enchant armour
 x - 2 scrolls of enchant weapon
 y - 7 scrolls of identify
 z - a scroll of blinking
 C - a scroll of torment
Potions
 c - 2 potions of degeneration {unknown}
 f - a potion of might
 g - a potion of ambrosia {unknown}
 h - a potion of magic {unknown}
 j - a potion of brilliance {unknown}
 k - a potion of invisibility {unknown}
 n - 2 potions of attraction {unknown}
 o - a potion of cancellation {unknown}
 r - 2 potions of haste {unknown}
 u - a potion of enlightenment {unknown}
 w - 3 potions of curing {unknown}
 A - 2 potions of lignification {unknown}
 G - a potion of resistance {unknown}


   Skills:
 * Level 8.0 Fighting
 * Level 6.3 Long Blades
 * Level 11.1 Ranged Weapons
 * Level 7.7 Armour
 * Level 5.6 Dodging
 + Level 2.2 Stealth
 * Level 5.5 Invocations
 + Level 0.3 Evocations


You had 10 spell levels left.
You didn't know any spells.
Your spell library contained the following spells:

 Spells                   Type           Power      Damage    Failure   Level
 Frozen Ramparts          Ice            0%         1d1       99%         3
 Stone Arrow              Conj/Erth      0%         3d7       99%         3
 Animate Armour           Summ/Erth      0%         N/A       100%        4
 Brom's Barrelling Bould  Conj/Erth      0%         2d3       100%        4
 Leda's Liquefaction      Alch/Erth      0%         N/A       100%        4
 Petrify                  Alch/Erth      0%         N/A       100%        4
 Fireball                 Conj/Fire      0%         3d3       100%        5
 Iskenderun's Battlesphe  Conj           0%         2d6       100%        5
 Metabolic Englaciation   Hex/Ice        0%         N/A       100%        5
 Conjure Ball Lightning   Conj/Air       0%         3x3d6     100%        6
 Orb of Destruction       Conj           0%         9d5       100%        7
 Lehudib's Crystal Spear  Conj/Erth      0%         10d2      100%        8


Dungeon Overview and Level Annotations

Branches:
Dungeon (10/15)            Temple (1/1) D:6         Ossuary (visited)
   Lair: D:8-11         Orc: D:9-12

Altars:
Ashenzari
Cheibriados
Dithmenos
Elyvilon
Fedhas
Gozag
Hepliaklqana
Kikubaaqudgha
Makhleb
Nemelex Xobeh
Okawaru
Qazlal
Ru
Sif Muna
Trog
Uskayaw
Vehumet
Wu Jian
Xom
Yredelemnul
Zin
The Shining One
Beogh

Shops:
D:4 !

Annotations:
D:10 Erolcha


Innate Abilities, Weirdness & Mutations

You cannot be hasted, slowed, berserked, paralysed or teleported.
You can dig through walls and to a lower floor.
You have a pair of large antennae on your head. (SInv)
Your four strong arms can wield two-handed weapons with a shield.


Message History

A Hell Sentinel comes into view.
You shoot an arrow. The Hell Sentinel roars!
The arrow hits the Hell Sentinel but does no damage.
The Hell Sentinel gestures at you.
The sphere of damnation explodes!
The damnation engulfs you!!!
You shoot an arrow. The arrow hits the Hell Sentinel!
The Hell Sentinel is lightly wounded.
The Hell Sentinel hits you! The Hell Sentinel hits you.
Unknown command.
Your +0 long sword of venom begins to drip with poison!
b - a +0 long sword of venom (weapon)
Unknown command.
You are too injured to fight recklessly!
Unknown command.
You hit the Hell Sentinel but do no damage.
The Hell Sentinel is lightly wounded.
The Hell Sentinel hits you!!
* * * LOW HITPOINT WARNING * * *
The Hell Sentinel hits you!
* * * LOW HITPOINT WARNING * * *
Unknown command.
Unknown command.
You can't shaft yourself on this level.
Unknown command.
You hit the Hell Sentinel but do no damage.
The Hell Sentinel is lightly wounded.
The Hell Sentinel hits you but does no damage.
The Hell Sentinel hits you.
* * * LOW HITPOINT WARNING * * *
The Hell Sentinel misses you. The Hell Sentinel closely misses you.
Unknown command.
Unknown command.
Unknown command.
Unknown command.
You hit the Hell Sentinel but do no damage.
The Hell Sentinel is lightly wounded.
The Hell Sentinel hits you!!
You die...
Cheibriados appreciates the motionlessness of death.

. ##.. # #.... ...#
.# . .. #........#
.## # .#
#........#### .# .#..
#..#........ . .#..
#.......... ## #..#
#........#
#..#...#####........#
.. .................#
...............@1..#
........##.#.####..#
. ....... ...# ,.# ..
......#....# # ....
#.. ## .. . ... .
.#.#. ..#.... #.#.###
.......##### . #.


You could see a Hell Sentinel.

Vanquished Creatures
  Pikel (D:4)
  Jeremiah (D:6)
  A troll (D:9)
  3 hornets
  Sigmund (D:6)
  21 yaks
  2 wyverns
  Eustachio (D:6)
  A shadow (D:9)
  A steam dragon (D:9)
  2 water moccasins
  An orc warrior (D:6)
  A black bear (D:7)
  4 sky beasts
  3 ogres (D:5)
  3 lemures (D:4)
  A phantom (D:6)
  3 elf zombies (Ossuary)
  4 bullfrogs
  A gnoll sergeant (D:5)
  2 scorpions (D:4)
  3 wights (D:9)
  11 killer bees
  4 howler monkeys
  4 centaur zombies (Ossuary)
  2 human zombies (Ossuary)
  5 jellies
  A hound (D:6)
  A gnoll bouda (D:9)
  4 orc priests
  2 iguanas
  2 sleepcaps
  Jessica (D:2)
  8 orc wizards
  3 hound zombies (Ossuary)
  2 mummies (Ossuary)
  17 gnolls
  6 adders
  A shadow imp (D:5)
  2 ufetubi (Abyss:2)
  4 adder zombies (Ossuary)
  2 dart slugs
  A ribbon worm (D:4)
  27 orcs
  8 ball pythons
  10 endoplasms
  A giant cockroach (D:1)
  11 hobgoblins
  2 jackals (D:2)
  2 quokkas
  4 bats
  3 frilled lizards (D:3)
  8 gnoll zombies (Ossuary)
  7 goblins
  5 jackal zombies (Ossuary)
  5 kobolds
  2 kobold zombies (Ossuary)
  6 orc zombies (Ossuary)
  7 rats
  A spectral orc (D:7)
253 creatures vanquished.

Notes
Turn   | Place    | Note
-------+----------+-------------------------------------------
     0 | D:1      | Morbidden the Formicid Hunter began the quest for the Orb.
     0 | D:1      | Reached XP level 1. HP: 16/16 MP: 1/1
   148 | D:1      | Reached XP level 2. HP: 22/22 MP: 2/2
   305 | D:1      | Reached XP level 3. HP: 15/27 MP: 3/3
  1215 | D:2      | Noticed Jessica
  1218 | D:2      | Killed Jessica
  1219 | D:2      | Reached skill level 5 in Ranged Weapons
  1219 | D:2      | Reached skill level 1 in Armour
  1219 | D:2      | Reached XP level 4. HP: 19/34 MP: 4/4
  1676 | D:3      | Found an opulent altar of Gozag.
  1677 | D:3      | Found a white marble altar of Elyvilon.
  1679 | D:3      | Found a hide-covered altar of Uskayaw.
  1679 | D:3      | Found an iron altar of Okawaru.
  1681 | D:3      | Found a shadowy altar of Dithmenos.
  1681 | D:3      | Found a sacrificial altar of Ru.
  1928 | D:3      | Reached XP level 5. HP: 39/39 MP: 5/5
  2441 | D:3      | Found a roughly hewn altar of Beogh.
  2448 | D:3      | You fall into a shaft and drop 1 floor!
  2448 | D:4      | Found Huphal's Distillery.
  2449 | D:4      | Bought a potion of heal wounds for 65 gold pieces
  2449 | D:4      | Bought a potion of heal wounds for 65 gold pieces
  2449 | D:4      | Bought a potion of might for 52 gold pieces
  2543 | D:4      | Reached skill level 6 in Ranged Weapons
  2549 | D:4      | Reached XP level 6. HP: 46/46 MP: 6/6
  2578 | D:4      | Noticed Pikel
  2598 | D:4      | Killed Pikel
  2599 | D:4      | Reached skill level 7 in Ranged Weapons
  2599 | D:4      | Reached XP level 7. HP: 24/54 MP: 7/7
  2599 | D:4      | Reached XP level 8. HP: 27/60 MP: 8/8
  2791 | D:4      | Found a shimmering altar of Xom.
  3476 | D:5      | Entered Level 5 of the Dungeon
  3477 | D:5      | Noticed a wyvern
  3720 | D:5      | Killed a wyvern
  3721 | D:5      | Reached skill level 8 in Ranged Weapons
  3760 | D:5      | You fall into a shaft and drop 1 floor!
  3807 | D:6      | Found a staircase to the Ecumenical Temple.
  3808 | D:6      | Noticed Eustachio
  3811 | D:6      | Killed Eustachio
  3819 | Temple   | Entered the Ecumenical Temple
  3826 | Temple   | Became a worshipper of Cheibriados the Contemplative
  3898 | D:5      | Reached XP level 9. HP: 67/67 MP: 9/9
  4094 | D:5      | Reached skill level 5 in Fighting
  4109 | D:5      | Reached skill level 1 in Invocations
  4482 | D:6      | Reached skill level 9 in Ranged Weapons
  4508 | D:6      | Noticed Sigmund
  4510 | D:6      | Killed Sigmund
  4510 | D:6      | Reached * piety under Cheibriados
  4615 | D:6      | Found a glowing golden altar of the Shining One.
  4670 | D:6      | Noticed Jeremiah
  4673 | D:6      | You fall into a shaft and drop 1 floor!
  4682 | D:7      | Found a sand-covered staircase.
  4692 | Ossuary  | Entered an ossuary
  4924 | Ossuary  | Reached skill level 5 in Armour
  4978 | D:7      | Reached XP level 10. HP: 64/76 MP: 12/12
  5301 | D:6      | Found a radiant altar of Vehumet.
  5458 | D:6      | Reached ** piety under Cheibriados
  5587 | D:6      | Killed Jeremiah
  5588 | D:6      | Reached skill level 10 in Ranged Weapons
  6049 | D:7      | Found a hazy altar of Hepliaklqana.
  6372 | D:8      | Reached *** piety under Cheibriados
  6373 | D:8      | Reached skill level 5 in Dodging
  6430 | D:8      | Reached skill level 5 in Long Blades
  6437 | D:8      | You fall into a shaft and drop 1 floor!
  6745 | D:8      | Reached XP level 11. HP: 84/84 MP: 14/14
  7732 | D:9      | Reached skill level 11 in Ranged Weapons
  7737 | D:9      | Reached skill level 5 in Invocations
  7787 | D:9      | Reached **** piety under Cheibriados
  8251 | D:10     | Entered Level 10 of the Dungeon
  8485 | D:10     | Noticed Erolcha
  8494 | Abyss:2  | Cast into level 2 of the Abyss (Erolcha)
  8580 | Abyss:2  | Reached ***** piety under Cheibriados
  8637 | Abyss:2  | Noticed a Hell Sentinel
  8643 | Abyss:2  | Mangled by a Hell Sentinel

Illustrated notes

Levels and vault maps discovered:
D:1:      dpeg_arrival_round_a, layout_basic, hex_intersection
D:2:      layout_rooms, uniq_jessica
D:3:      layout_loops_cross, grunt_temple_overflow_open, kennysheep_orc_chapel
D:4:      layout_rooms, dk_xom_monty_hall, serial_shops,
          nicolae_shop_industrial_runoff, uniq_pikel
D:5:      layout_basic, st_stairs_3
D:6:      layout_cave_pods, mainiacjoe_overflow_24_doors, fiery_altar_vehumet,
          minmay_temple_entry_statues_pillars, uniq_eustachio, uniq_sigmund,
          uniq_jeremiah
D:7:      layout_loops_ring, nicolae_hepliaklqana_monster_ancestors,
          enter_ossuary_1, hangedman_abyss_or_decor_slice
D:8:      layout_basic, serial_bayou_pond_e, nrook_loot_triangle,
          dreamdust_princess_corridor, kennysheep_generic_room_14
D:9:      layout_small_grid
D:10:     layout_basic, dpeg_oklobed_lair, uniq_erolcha
Temple:   nicolae_temple_ecumenical_triangle
Abyss:2:  base:
D:9

Skill      XL: |  1  2  3  4  5  6  7  8  9 10 11 |
---------------+----------------------------------+-----
Dodging        | 2 3 5 |  5.6
Ranged Weapons | 5 6 7 8 9 10 11 | 11.1
Armour         | 1 3 4 5 6 7 |  7.7
Fighting       | 4 5 7 8 |  8.0
Long Blades    | 2 3 4 5 6 |  6.3
Invocations    | 2 4 5 |  5.5
Stealth        | 2 |  2.2
Evocations     | |  0.3

Action                     |  1- 3 |  4- 6 |  7- 9 | 10-12 || total
---------------------------+-------+-------+-------+-------++-------
  Melee: Shortbow          |       |     1 |       |       ||     1
         Long sword        |       |    30 |    45 |   228 ||   303
   Fire: Shortbow          |    49 |    87 |   236 |   163 ||   535
Ability: Shaft Self        |       |     1 |     2 |     1 ||     4
         Dig               |       |       |       |     4 ||     4
  Evoke: Wand              |       |       |       |     1 ||     1
    Use: Scroll            |     6 |     3 |     6 |       ||    15
         Potion            |       |     3 |     2 |     1 ||     6
 Armour: Leather armour    |    13 |       |       |       ||    13
         Plate armour      |     4 |   138 |   256 |   320 ||   718
  Dodge: Dodged            |    22 |    40 |   103 |   204 ||   369

Table legend: (Time is in decaauts)
 A = Elapsed time spent in this place.
 B = Non-inter-level travel time spent in this place.
 C = Inter-level travel time spent in this place.
 D = Time resting spent in this place.
 E = Time spent auto-exploring this place.
 F = Levels seen in this place.
 G = Mean time per level.
                   A        B        C        D        E       F      G
               +--------+--------+--------+--------+--------+-----+--------+
         Total |  10906 |  10475 |    431 |   1194 |   7066 |  13 |  838.9 |
       Dungeon |  10258 |   9835 |    423 |   1125 |   6811 |  10 | 1025.8 |
        Temple |     16 |      9 |      7 |      0 |      0 |   1 |   16.0 |
         Abyss |    207 |    207 |      0 |     69 |    118 |   1 |  207.0 |
       Ossuary |    424 |    424 |      0 |      0 |    136 |   1 |  424.0 |
               +--------+--------+--------+--------+--------+-----+--------+

Top non-repeatable levels by time:
     D:8: 1811 daAuts
     D:6: 1340 daAuts
     D:9: 1128 daAuts
     D:3: 977 daAuts
     D:4: 949 daAuts
     D:7: 942 daAuts
     D:5: 931 daAuts
     D:1: 903 daAuts
     D:2: 901 daAuts
 Ossuary: 424 daAuts
    D:10: 371 daAuts
 Abyss:2: 207 daAuts
  Temple: 16 daAuts
